cohdb
Replays
Latest Replays
All Replays
Popular Replays
Top Player Replays
Match Explorer
How It Works
Community
CoH3 Stats
Reddit
Sign in to upload your games and track your stats! →
Sign in with Steam
Match 40845425
Unlisted
Match 40845425
Overview
Messages
Build Orders
End
Construct Infanterie Kompanie
Kettenkrad Recon Vehicle
Selects Terror Battlegroup
Selects Terror Battlegroup
MG 42 Machine Gun Team
Selects Machine Gun Camouflage
MG 42 Machine Gun Team
Grenadier Squad
Construct Luftwaffe Kompanie
Jäger Squad
Selects Interrogate
Support Elements
Medical Bunker
FitzBro
Naveed #No2IRGC
Akuma Nihmune is my OSHI
Agent xWD40x
FluxCored
tsims49
0
0
Comments
sign in to comment!
No comments posted yet!